 Dungeon Crawl Stone Soup version 0.32-a0-43-g058985b245 (webtiles) character file.

Game seed: 6072561814970352381

6410 seren the Mimic (level 10, -4/94 HPs)
             Began as a Demonspawn Shapeshifter on Feb 4, 2024.
             Was a Priest of Wu Jian.
             Slain by a starflower (8 damage)
             ... on level 2 of the Abyss.
             The game lasted 00:35:49 (12005 turns).

seren the Mimic (Demonspawn Shapeshifter)          Turns: 12005, Time: 00:35:49

Health: -4/94      AC:  9    Str: 22    XL:     10   Next: 66%
Magic:  10/10      EV: 12    Int: 11    God:    Wu Jian [***...]
Gold:   427        SH:  0    Dex: 14    Spells: 8/9 levels left

rFire   . .          .
                       - Unarmed
rCold   . . .        (shield currently unavailable)
rNeg    . . .        N - melded +0 steam dragon scales
rPois   +            j - melded +1 helmet
rElec   .            (cloak currently unavailable)
rCorr   +            a - melded +1 pair of gloves
SInv    .            (boots unavailable)
Will    +....        q - amulet of magic regeneration
Stlth   +            p - ring of willpower
HPRegen 0.35/turn    y - ring of resist corrosion
MPRegen 0.52/turn

%: no passive effects
@: snake-form
A: constrict, boosted hp, large, (hooves 3), rugged brown scales 2, demonic
guardian 2
a: Begin Untransformation, Renounce Religion, Wall Jump, Serpent's Lash


You were on level 2 of the Abyss.
You worshipped Wu Jian.
Wu Jian was most pleased with you.
You were an enormous serpent.
You visited 2 branches of the dungeon, and saw 11 of its levels.
You visited the Abyss 1 time.

You collected 427 gold pieces.

Inventory:

Hand Weapons
 w - the +6 sling "Luannuas" {freeze, *Corrode Str+3 SInv}
   (You found it on level 4 of the Dungeon)

   Str+3:     It affects your strength (+3).
   SInv:      It lets you see invisible.
   *Corrode:  It may corrode you when you take damage.
Missiles
 n - 7 poisoned darts (quivered)
 s - a throwing net
 I - 4 curare-tipped darts
 R - 6 javelins
Armour
 a - a +1 pair of gloves (melded)
 j - a +1 helmet (melded)
 G - the +2 robe of Jyobein {rElec Will+ MP+9}
   (You found it on level 9 of the Dungeon)

   rElec:     It insulates you from electricity.
   Will+:     It increases your willpower.
   MP+9:      It affects your magic capacity (+9).
 N - +0 steam dragon scales (melded)
Magical Staves
 B - a staff of fire
Jewellery
 o - a +6 ring of intelligence
 p - a ring of willpower (left hand)
 q - an amulet of magic regeneration (around neck)
 y - a ring of resist corrosion (right hand)
 J - a ring of flight
 L - the ring of the Jester {Str+4 Int+6}
   (You found it on level 9 of the Dungeon)

   [ring of intelligence]

   Str+4:     It affects your strength (+4).
   Int+6:     It affects your intelligence (+6).
Talismans
 c - a beast talisman
 d - a flux talisman
 u - a maw talisman
 v - a serpent talisman (active)
Wands
 F - a wand of polymorph (3)
 M - a wand of acid (30)
Scrolls
 e - 4 scrolls of teleportation {!r}
 f - a scroll of fear {unknown}
 l - 2 scrolls of enchant weapon
 x - 2 scrolls of enchant armour {unknown}
 D - 2 scrolls of silence {unknown}
 E - a scroll of poison {unknown}
 H - 2 scrolls of fog {unknown}
 K - a scroll of torment {unknown}
 O - a scroll of noise {unknown}
 Q - a scroll of vulnerability {unknown}
Potions
 b - 3 potions of lignification
 g - 3 potions of might
 i - 2 potions of magic
 k - 5 potions of cancellation
 m - 2 potions of mutation {!q}
 r - a potion of haste {unknown}
 t - a potion of brilliance {unknown}
 z - a potion of heal wounds
 A - 2 potions of berserk rage
 C - 5 potions of curing
 P - 2 potions of enlightenment {unknown}


   Skills:
 + Level 5.9 Fighting
 + Level 1.7 Armour
 + Level 5.6 Dodging
 + Level 6.8 Unarmed Combat
 - Level 3.0 Evocations
 + Level 10.1 Shapeshifting


You had 8 spell levels left.
You knew the following spells:

 Your Spells              Type           Power      Damage    Failure   Level
a - Slow                  Hex            0%         N/A       34%         1

Your spell library contained the following spells:

 Spells                   Type           Power      Damage    Failure   Level
 Magic Dart               Conj           0%         1d3       34%         1
 Blink                    Tloc           0%         N/A       47%         2
 Call Imp                 Summ           0%         N/A       47%         2
 Lesser Beckoning         Tloc           0%         N/A       47%         2
 Confusing Touch          Hex            0%         N/A       71%         3
 Gell's Gravitas          Tloc           0%         N/A       71%         3
 Sigil of Binding         Hex            0%         N/A       71%         3
 Summon Ice Beast         Ice/Summ       0%         N/A       71%         3
 Teleport Other           Tloc           0%         N/A       71%         3
 Vampiric Draining        Necr           0%         2d6       71%         3
 Animate Dead             Necr           0%         N/A       98%         4
 Olgreb's Toxic Radiance  Alch           0%         N/A       98%         4
 Borgnjor's Vile Clutch   Necr/Erth      0%         N/A       100%        5
 Summon Mana Viper        Hex/Summ       0%         N/A       100%        5
 Conjure Ball Lightning   Conj/Air       0%         3x3d6     100%        6
 Death Channel            Necr           0%         N/A       100%        6
 Monstrous Menagerie      Summ           0%         N/A       100%        7
 Ozocubu's Refrigeration  Ice            0%         4d7       100%        7
 Discord                  Hex            0%         N/A       100%        8
 Disjunction              Tloc           0%         N/A       100%        8


Dungeon Overview and Level Annotations

Branches:
Dungeon (10/15)            Temple (1/1) D:5            Lair (0/5) D:9
    Orc (0/2) D:9

Altars:
Ashenzari
Cheibriados
Dithmenos
Gozag
Hepliaklqana
Kikubaaqudgha
Makhleb
Nemelex Xobeh
Okawaru
Qazlal
Ru
Sif Muna
Trog
Uskayaw
Vehumet
Wu Jian
Xom
Yredelemnul

Shops:
D:1 (

Annotations:
D:2 exclusion: upstairs
D:9 exclusion: meliai
D:10 Erolcha


Innate Abilities, Weirdness & Mutations

You are an enormous serpent.
You have a powerful constriction melee attack.
Your maximum health is increased.
Your armour is entirely melded.
You are incapable of wielding weapons or throwing items.
((You have hooves in place of feet.))
(You are mostly covered in rugged brown scales. (AC +2, +5% HP))
A demonic guardian rushes to your aid.


Message History

The wave of grief passes through the spatial vortex.
The spatial vortex completely resists.
The wave of grief passes through you.
A spatial vortex comes into view.
You shake off the liquid fire.
A spatial vortex comes into view.
You enter the shallow water.
Found a gateway leading deeper into the Abyss.
A spatial vortex comes into view.
You are suddenly pulled into a different region of the Abyss!
You start resting.
A hog comes into view.
A hog is nearby!
Okay, then.
A starflower comes into view.
Found a gateway leading out of the Abyss.
Blink to where?
Press: ? - help, Dir - move target A starflower comes into view.
As you read the scroll of blinking {!r}, it crumbles to dust.
The starflower tentacle-slaps you!
* * * LOW HITPOINT WARNING * * *
A demonic guardian appears!
You blink.
The starflower gurgles horribly!
You feel much better.
The starflower tentacle-slaps you from afar!
* * * LOW HITPOINT WARNING * * *
Space warps horribly around you!
* * * LOW HITPOINT WARNING * * *
The starflower tentacle-slaps you from afar!
* * * LOW HITPOINT WARNING * * *
The starflower tentacle-slaps you but does no damage. x2
Blink to where?
Press: ? - help, Dir - move target
As you read the scroll of blinking {!r}, it crumbles to dust.
The starflower tentacle-slaps you but does no damage.
The starflower tentacle-slaps you!
* * * LOW HITPOINT WARNING * * *
The starflower tentacle-slaps you but does no damage.
The starflower tentacle-slaps you!
You die...

## ##. . .# .###..# .###.
...... # ...# .#....####
.##.#.## ..#..≈≈≈.#
..#...###.#.#.≈P≈## .#
##.#.# .......#≈S≈.###..#
# .##......#.##§P≈#....#
#.#..#........4≈≈§§....#
.###.#.#.##....#§#.###..#
. # ..##§..#..#.... .
######.###...#... # .#...
#...### .........
....#..#


You could see 2 starflowers and a friendly rust devil (summoned).

Vanquished Creatures
  An ugly thing (Abyss:2)
  Maurice (D:10)
  A meliai (shapeshifter) (D:9)
  A rime drake (D:9)
  Prince Ribbit (D:7)
  A small abomination (Abyss:2)
  4 yaks (D:9)
  A steam dragon (D:7)
  A water moccasin (D:7)
  An orc warrior (D:6)
  A black bear (D:4)
  5 ice beasts
  An ogre (D:5)
  3 wolves (D:9)
  A centaur (D:9)
  3 phantoms
  2 kobold brigands
  2 bullfrogs (D:7)
  6 scorpions
  3 wights
  4 howler monkeys
  2 bombardier beetles
  4 orc priests
  3 gnoll boudas
  5 hounds
  2 sleepcaps
  Natasha (twice) (D:3)
  3 iguanas
  12 orc wizards
  13 gnolls
  8 adders
  A white imp (D:6)
  4 ufetubi
  2 ribbon worms
  3 dart slugs
  33 orcs
  7 endoplasms
  4 giant cockroaches
  6 goblins
  4 hobgoblins (D:2)
  11 jackals
  10 kobolds
  A quokka (D:5)
  5 ball pythons
  6 bats
  5 frilled lizards
  7 rats
207 creatures vanquished.

Vanquished Creatures (collateral kills)
  A yak (D:9)
  An ogre (D:4)
  A wolf (D:9)
  A kobold brigand (D:7)
  Natasha (D:3)
  4 gnolls
  3 adders
  3 orcs
  A giant cockroach (D:4)
  2 goblins (D:4)
18 creatures vanquished.

Grand Total: 225 creatures vanquished

Notes
Turn   | Place    | Note
-------+----------+-------------------------------------------
     0 | D:1      | seren the Demonspawn Shapeshifter began the quest for the
                  | Orb.
     0 | D:1      | Reached XP level 1. HP: 15/15 MP: 1/1
   128 | D:1      | Gained mutation: You have large cloven feet. [demonic
                  | ancestry]
   128 | D:1      | Reached XP level 2. HP: 18/21 MP: 2/2
   305 | D:1      | Found Ibahoofi's Weapon Shop.
   737 | D:1      | Found a faded altar of an unknown god.
   768 | D:1      | Learned a level 1 spell: Slow
   961 | D:2      | Gained mutation: A weak demonic guardian rushes to your
                  | aid. [demonic ancestry]
   961 | D:2      | Reached XP level 3. HP: 26/26 MP: 3/3
  1163 | D:2      | Reached skill level 3 in Shapeshifting
  1515 | D:2      | Found an ancient bone altar of Kikubaaqudgha.
  1595 | D:2      | Gained mutation: You have hoof-like feet. [demonic
                  | ancestry]
  1595 | D:2      | Reached XP level 4. HP: 30/33 MP: 4/4
  1834 | D:3      | Found a stormy altar of Qazlal.
  2449 | D:3      | Reached XP level 5. HP: 38/38 MP: 5/5
  2464 | D:3      | Noticed Natasha
  2518 | D:3      | Killed Natasha
  2647 | D:3      | Noticed Natasha
  2651 | D:3      | Killed Natasha
  3053 | D:3      | Noticed Natasha
  3062 | D:3      | Killed Natasha
  3216 | D:3      | Found a shadowy altar of Dithmenos.
  3216 | D:3      | Found a faded altar of an unknown god.
  3224 | D:3      | Found an opulent altar of Gozag.
  3226 | D:3      | Found a sparkling altar of Nemelex Xobeh.
  3233 | D:3      | Gained mutation: A demonic guardian rushes to your aid.
                  | [demonic ancestry]
  3233 | D:3      | Reached XP level 6. HP: 42/46 MP: 6/6
  3233 | D:3      | Found a basalt altar of Yredelemnul.
  3586 | D:4      | Identified the +6 sling "Luannuas" {freeze, *Corrode Str+3
                  | SInv}
  3861 | D:4      | Reached skill level 5 in Unarmed Combat
  3918 | D:4      | Gained mutation: You have hooves in place of feet. [demonic
                  | ancestry]
  3918 | D:4      | Reached XP level 7. HP: 32/52 MP: 7/7
  4019 | D:4      | Reached skill level 4 in Shapeshifting
  4829 | D:5      | Entered Level 5 of the Dungeon
  4883 | D:5      | Found a staircase to the Ecumenical Temple.
  4900 | Temple   | Entered the Ecumenical Temple
  4908 | Temple   | Became a worshipper of the Wu Jian Council
  5521 | D:5      | Gained mutation: You are partially covered in rugged brown
                  | scales. (AC +1, +3% HP) [demonic ancestry]
  5521 | D:5      | Reached XP level 8. HP: 47/61 MP: 8/8
  5532 | D:5      | Reached skill level 5 in Shapeshifting
  5763 | D:5      | Found a hazy altar of Hepliaklqana.
  6019 | D:5      | Reached skill level 1 in Evocations
  6277 | D:6      | Reached * piety under Wu Jian
  7305 | D:6      | Reached skill level 6 in Shapeshifting
  7345 | D:6      | Found a sacrificial altar of Ru.
  7346 | D:6      | Found a broken altar of Ashenzari.
  7376 | D:6      | Reached skill level 5 in Fighting
  7398 | D:6      | Found an iron altar of Okawaru.
  7586 | D:6      | Reached XP level 9. HP: 70/70 MP: 9/9
  7900 | D:7      | Noticed Prince Ribbit
  7910 | D:7      | Killed Prince Ribbit
  7911 | D:7      | Reached skill level 5 in Dodging
  9120 | D:8      | Reached skill level 7 in Shapeshifting
  9144 | D:8      | Reached ** piety under Wu Jian
 10139 | D:9      | Identified the +2 robe of Jyobein {rElec Will+ MP+9}
 10179 | D:9      | Found a staircase to the Orcish Mines.
 10321 | D:9      | Reached skill level 8 in Shapeshifting
 10540 | D:9      | Gained mutation: You are mostly covered in rugged brown
                  | scales. (AC +2, +5% HP) [demonic ancestry]
 10540 | D:9      | Reached XP level 10. HP: 73/77 MP: 10/10
 10800 | D:9      | Identified the ring of the Jester {Str+4 Int+6}
 10812 | D:9      | Reached skill level 9 in Shapeshifting
 11142 | D:9      | Found a staircase to the Lair.
 11208 | D:9      | Reached *** piety under Wu Jian
 11499 | D:9      | Noticed a meliai
 11620 | D:9      | Noticed a deep elf pyromancer
 11621 | D:9      | Noticed an arcanist
 11626 | D:9      | Killed a meliai
 11627 | D:9      | Reached skill level 10 in Shapeshifting
 11703 | D:10     | Entered Level 10 of the Dungeon
 11809 | D:10     | Noticed Maurice
 11813 | D:10     | Noticed Erolcha
 11816 | D:10     | Killed Maurice
 11817 | D:10     | Reached skill level 1 in Armour
 11818 | Abyss:2  | Cast into level 2 of the Abyss (Erolcha)
 11859 | Abyss:2  | Noticed a cyan ugly thing
 11879 | Abyss:2  | Killed a cyan ugly thing
 11942 | Abyss:2  | Noticed a smoke demon
 11947 | Abyss:2  | Noticed a spatial maelstrom
 11951 | Abyss:2  | Noticed a spatial maelstrom
 12002 | Abyss:2  | Noticed a starflower
 12003 | Abyss:2  | Noticed a starflower
 12005 | Abyss:2  | HP: 4/94 [starflower (7)]
 12005 | Abyss:2  | Slain by a starflower

Illustrated notes

Levels and vault maps discovered:
D:1:      dpeg_arrival_connections, layout_loops_ring, serial_shops,
          nicolae_shop_tiny_real_fake_doors,
          hellmonk_ecumenical_altar_defaced_shrine
D:2:      layout_loops_corners, basic_altar, minmay_tetromino_s2
D:3:      layout_basic, grunt_qazlal_sundering,
          chequers_temple_overflow_minitemple, uniq_natasha
D:4:      layout_basic, serial_glass, glass_columns_a, glass_columns_a,
          minmay_misc_feat_tower
D:5:      layout_basic, mainiacjoe_overflow_24_doors,
          minmay_temple_entry_statues_pillars, amcnicky_mini_corridor_feature,
          minmay_increasing_density
D:6:      layout_layer_cave, kennysheep_okawaru_gauntlet,
          chequers_temple_overflow_statue_of_worship
D:7:      layout_basic, chequers_serial_rivers_micro_e, patterned_corridor,
          uniq_prince_ribbit1
D:8:      layout_loops_ring
D:9:      minmay_blocky_corners, layout_long_grid, hellmonk_lair_entry_icy,
          orc_0_dummy
D:10:     layout_loops_corners, grunt_temple_overflow_growth_and_decay,
          enter_bailey_5, serial_shops, nicolae_shop_tiny_statue_garden,
          roadster_trireme, uniq_maurice, uniq_psyche, uniq_erolcha
Temple:   eino_temple_lava
Abyss:2:  base: D:6, evilmike_abyss_exit_mutagenic, spicy_abyss_rude_harpoons

Skill      XL: |  1  2  3  4  5  6  7  8  9 10 |
---------------+-------------------------------+-----
Dodging        | 2 3 4 5 |  5.6
Unarmed Combat | 3 4 5 6 |  6.8
Shapeshifting  | 3 4 6 8 10 | 10.1
Fighting       | 2 3 4 5 |  5.9
Evocations     | 2 3 |  3.0
Armour         | 1 |  1.7

Action                     |  1- 3 |  4- 6 |  7- 9 | 10-12 || total
---------------------------+-------+-------+-------+-------++-------
  Melee: Unarmed           |    90 |   119 |   362 |   106 ||   677
         Punch             |     2 |     3 |    10 |       ||    15
         Kick              |    17 |    26 |   106 |       ||   149
         Constrict         |       |       |     8 |    19 ||    27
  Throw: Dart              |       |       |     7 |       ||     7
Ability: Lunge             |       |       |    45 |    10 ||    55
         Whirlwind         |       |       |    11 |     3 ||    14
         Begin Untransform |       |       |     4 |     1 ||     5
         Wall Jump         |       |       |     1 |     1 ||     2
  Evoke: Wand              |       |       |       |     4 ||     4
    Use: Scroll            |       |     2 |     4 |     8 ||    14
         Potion            |       |     1 |     2 |     1 ||     4
   Stab: Sleeping          |     3 |     1 |       |       ||     4
 Armour: Animal skin       |    34 |    68 |    21 |       ||   123
         Ring mail         |       |       |   121 |       ||   121
         Steam dragon scal |       |       |    43 |       ||    43
         Skin              |       |       |    14 |    78 ||    92
  Dodge: Dodged            |    50 |    66 |   166 |    60 ||   342
   Form: Beast             |       |       |     3 |       ||     3
         Flux              |       |       |     2 |       ||     2
         Serpent           |       |       |     4 |     1 ||     5

Table legend: (Time is in decaauts)
 A = Elapsed time spent in this place.
 B = Non-inter-level travel time spent in this place.
 C = Inter-level travel time spent in this place.
 D = Time resting spent in this place.
 E = Time spent auto-exploring this place.
 F = Levels seen in this place.
 G = Mean time per level.
                   A        B        C        D        E       F      G
               +--------+--------+--------+--------+--------+-----+--------+
         Total |  11960 |  11185 |    775 |   2324 |   5428 |  12 |  996.7 |
       Dungeon |  11757 |  10982 |    775 |   2236 |   5428 |  10 | 1175.7 |
        Temple |     16 |     16 |      0 |      0 |      0 |   1 |   16.0 |
         Abyss |    185 |    185 |      0 |     88 |      0 |   1 |  185.0 |
               +--------+--------+--------+--------+--------+-----+--------+

Top non-repeatable levels by time:
     D:3: 1620 daAuts
     D:5: 1579 daAuts
     D:6: 1521 daAuts
     D:9: 1466 daAuts
     D:4: 1363 daAuts
     D:7: 1259 daAuts
     D:2: 1028 daAuts
     D:8: 1005 daAuts
     D:1: 798 daAuts
 Abyss:2: 185 daAuts
    D:10: 114 daAuts
  Temple: 16 daAuts
